Vegas Golden Knights vs Pittsburgh Penguins
(R1)
Created - Wednesday, May 21, 2025 at 09:01
Goals
|
| Vegas Golden Knights |
1 |
1 |
2 |
4 |
| Pittsburgh Penguins |
1 |
0 |
1 |
2 |
|
Shots
|
| Vegas Golden Knights |
8 |
10 |
9 |
27 |
| Pittsburgh Penguins |
13 |
6 |
10 |
29 |
|
1st period
1. Vegas Golden Knights , Jordan Staal 13 (Joe Pavelski 23) at 5:59
2. Pittsburgh Penguins , Adam Gaudette 2 (Jordan Eberle 18, Tage Thompson 30) at 17:50
Penalties :
Leon Draisaitl (PIT) for Delaying the game (Minor) at 13:59, Tyler Toffoli (VGK) for Interference (Minor) at 18:15
2nd period
3. Vegas Golden Knights , Bryan Rust 24 (Tyler Toffoli 29, Shea Theodore 20) at 6:09
Penalties :
Erik Gudbranson (PIT) for Tripping (Minor) at 1:22, Ryan Graves (VGK) for Cross-checking (Minor) at 4:03, Joe Pavelski (VGK) for Slashing (Minor) at 8:24, Bryan Rust (VGK) for Hooking (Minor) at 12:44, Brendan Smith (VGK) for Tripping (Minor) at 16:39, Roman Josi (VGK) for Interference (Minor) at 19:02
3rd period
4. Pittsburgh Penguins , Pavel Buchnevich 28 (Leon Draisaitl 65) at 3:56 (PP)
5. Vegas Golden Knights , Bryan Rust 25 (Auston Matthews 39, Mathew Barzal 34) at 8:50
6. Vegas Golden Knights , Mathew Barzal 18 (Auston Matthews 40, Reilly Smith 23) at 9:58 (PP)
Penalties :
Tyler Toffoli (VGK) for Tripping (Minor) at 3:55, Erik Gudbranson (PIT) for Interference (Minor) at 4:20, Adam Gaudette (PIT) for Tripping (Minor) at 9:51
Goalie Stats
Semyon Varlamov (VGK), 27 saves from 29 shots - (0.931), W, 33-17-6, 60:00 minutes
John Gibson (PIT), 23 saves from 27 shots - (0.852), L, 28-29-6, 60:00 minutes
Players Stats for Vegas Golden Knights
Player Name G A P +/- PIM S H SB GA TA FO MP PP MP PK MP
------------------------------------------------------------------------------------
Auston Matthews 0 2 2 1 0 3 2 0 1 0 9/18 15:49 2:26 0:00
Brendan Smith 0 0 0 0 2 0 3 1 0 3 0/0 18:35 0:00 5:36
Bryan Rust 2 0 2 2 2 2 2 0 0 0 0/0 16:50 2:26 0:48
Cole Smith 0 0 0 0 0 0 0 0 0 0 0/2 10:50 0:00 5:40
Danton Heinen 0 0 0 1 0 5 0 2 1 0 1/1 20:57 0:00 5:41
Joe Pavelski 0 1 1 1 2 1 0 2 1 1 6/11 14:10 3:53 0:00
Johnny Gaudreau 0 0 0 -1 0 5 0 1 1 0 0/0 16:22 3:38 0:00
Jordan Staal 1 0 1 1 0 1 1 1 2 0 3/5 16:16 0:00 5:41
Marc-Edouard Vlasic 0 0 0 2 0 0 0 1 0 1 0/0 16:24 0:00 5:21
Mathew Barzal 1 1 2 1 0 3 0 0 1 1 0/0 15:49 2:26 0:00
Pierre-edouard Bellemare 0 0 0 0 0 1 0 0 0 0 0/7 10:43 0:00 5:31
Reilly Smith 0 1 1 0 0 0 0 1 0 0 0/0 3:07 2:11 0:00
Roman Josi 0 0 0 0 2 1 1 1 0 0 0/0 21:48 3:53 0:46
Ryan Graves 0 0 0 1 2 0 1 0 0 1 0/0 18:33 0:00 5:29
Sean Monahan 0 0 0 -1 0 4 0 0 0 0 9/17 16:45 3:38 0:00
Shea Theodore 0 1 1 1 0 0 0 4 1 0 0/0 22:38 0:00 5:21
Thomas Chabot 0 0 0 1 0 0 0 0 0 0 0/0 15:14 2:11 1:17
Tyler Toffoli 0 1 1 0 4 1 1 1 0 0 0/0 17:08 3:38 0:29
Players Stats for Pittsburgh Penguins
Player Name G A P +/- PIM S H SB GA TA FO MP PP MP PK MP
------------------------------------------------------------------------------------
Adam Gaudette 1 0 1 0 2 1 3 0 0 0 6/13 12:08 0:00 0:54
Blake Coleman 0 0 0 -2 0 0 4 0 1 0 0/0 17:18 6:15 0:00
Brian Dumoulin 0 0 0 -2 0 0 0 0 0 0 0/0 12:11 0:02 0:00
Carson Soucy 0 0 0 0 0 0 3 2 1 0 0/0 18:22 0:02 3:04
Erik Gudbranson 0 0 0 0 4 1 2 0 1 0 0/0 21:37 5:57 1:04
Erik Karlsson 0 0 0 0 0 2 0 1 0 1 0/0 23:51 5:56 3:15
Gabriel Vilardi 0 0 0 0 0 1 0 0 0 0 2/4 8:15 0:00 0:00
Jean-Gabriel Pageau 0 0 0 0 0 2 1 1 0 0 0/0 8:15 0:00 0:00
Jordan Eberle 0 1 1 0 0 3 0 0 0 0 0/0 11:15 0:00 0:00
Leon Draisaitl 0 1 1 0 2 3 0 0 0 0 15/26 18:58 5:40 1:51
Mattias Ekholm 0 0 0 0 0 0 2 1 1 1 0/0 23:36 5:56 3:00
Mitchell Marner 0 0 0 -2 0 2 4 0 2 2 2/3 20:40 6:15 3:19
Pavel Buchnevich 1 0 1 0 0 2 2 1 0 1 0/0 20:16 5:40 3:19
Phillip Danault 0 0 0 -2 0 2 1 0 1 0 8/15 17:18 6:15 0:00
Ryan O'Reilly 0 0 0 0 0 4 0 0 0 0 0/0 8:15 0:00 0:00
Sam Reinhart 0 0 0 0 0 2 1 0 0 1 0/0 19:50 5:40 2:45
Tage Thompson 0 1 1 0 0 2 0 0 0 2 0/0 11:15 0:00 0:00
Travis Sanheim 0 0 0 -2 0 2 1 0 0 0 0/0 20:32 5:57 1:45
3 Stars
1 - Bryan Rust (VGK)
2 - Mathew Barzal (VGK)
3 - Auston Matthews (VGK)
Power Play
Vegas Golden Knights - 1 on 4 Attempt(s) - 25.00%
Pittsburgh Penguins - 1 on 7 Attempt(s) - 14.29%
Penalty Kill
Vegas Golden Knights - 6 on 7 Attempt(s) - 85.71%
- Score 0 goal in Penalty Kill
Pittsburgh Penguins - 3 on 4 Attempt(s) - 75.00%
- Score 0 goal in Penalty Kill
Team Stat
Vegas Golden Knights - Hits : 11 - Faceoff Wins : 28 - Blocked Shots : 15 - Penalty Minutes : 14
Pittsburgh Penguins - Hits : 24 - Faceoff Wins : 33 - Blocked Shots : 6 - Penalty Minutes : 8
Official
Referees : Kelly Sutherland and Frederick L'Ecuyer
Linesman : Shandor Alphonso and Steve Barton
Game Notes
No Game Note
Finance
Level 1 -- Attendance: 4306 (71.77%) -- Ticket Income $430,600
Level 2 -- Attendance: 3678 (73.56%) -- Ticket Income $220,680
Level 3 -- Attendance: 2363 (78.77%) -- Ticket Income $82,705
Level 4 -- Attendance: 4059 (81.18%) -- Ticket Income $101,475
Luxury Box -- Attendance: 853 (85.30%) -- Ticket Income $170,600
Game was played at the Consol Energy Center.
Total Attendance: 15259 (76.30%)
Total Ticket Income: $1,006,060
Other Income: $352,121
Total Income: $1,358,181
Vegas Golden Knights
5 vs 5 Forward
Center Left Wing Right Wing Time % Phy DF OF
1 Auston Matthews Bryan Rust Mathew Barzal 30 1 2 2
2 Sean Monahan Johnny Gaudreau Tyler Toffoli 30 1 2 2
3 Joe Pavelski Jordan Staal Danton Heinen 25 1 2 2
4 Pierre-edouard Bellemare Cole Smith Danton Heinen 15 1 2 2
5 vs 5 Defense
Defense Defense Time % Phy DF OF
1 Roman Josi Shea Theodore 30 1 2 2
2 Marc-Edouard Vlasic Thomas Chabot 30 1 2 2
3 Brendan Smith Ryan Graves 25 1 2 2
4 Shea Theodore Roman Josi 15 1 2 2
PowerPlay Forward
Center Left Wing Right Wing Time % Phy DF OF
1 Auston Matthews Bryan Rust Mathew Barzal 50 1 2 2
2 Sean Monahan Johnny Gaudreau Tyler Toffoli 50 1 2 2
PowerPlay Defense
Defense Defense Time % Phy DF OF
1 Roman Josi Joe Pavelski 50 1 2 2
2 Thomas Chabot Reilly Smith 50 1 2 2
Penalty Kill 4 Players Forward
Center Wing Time % Phy DF OF
1 Jordan Staal Danton Heinen 50 1 2 2
2 Pierre-edouard Bellemare Cole Smith 50 1 2 2
Penalty Kill 4 Players Defense
Defense Defense Time % Phy DF OF
1 Marc-Edouard Vlasic Shea Theodore 50 1 2 2
2 Brendan Smith Ryan Graves 50 1 2 2
Penalty Kill - 3 Players Forward
Forward Time % Phy DF OF
1 Jordan Staal 50 1 2 2
2 Pierre-edouard Bellemare 50 1 2 2
Penalty Kill - 3 Players Defense
Defense Defense Time % Phy DF OF
1 Marc-Edouard Vlasic Shea Theodore 50 1 2 2
2 Brendan Smith Ryan Graves 50 1 2 2
4 vs 4 Forward
Center Wing Time % Phy DF OF
1 Auston Matthews Mathew Barzal 50 1 2 2
2 Sean Monahan Tyler Toffoli 50 1 2 2
4 vs 4 Defense
Defense Defense Time % Phy DF OF
1 Roman Josi Shea Theodore 50 1 2 2
2 Thomas Chabot Ryan Graves 50 1 2 2
Last Minutes Offensive
Center Left Wing Right Wing Defense Defense
Auston Matthews Sean Monahan Mathew Barzal Roman Josi Thomas Chabot
Last Minutes Defensive
Center Left Wing Right Wing Defense Defense
Jordan Staal Bryan Rust Joe Pavelski Marc-Edouard Vlasic Shea Theodore
Goaltenders
Starting : Semyon Varlamov
Backup : Cayden Primeau
Extra Forwards
Normal : Sean Monahan, Auston Matthews, Bryan Rust - PP : Jordan Staal, Danton Heinen - PK : Bryan Rust
Extra Defensemen
Normal : Thomas Chabot, Roman Josi, Shea Theodore - PP : Shea Theodore - PK : Thomas Chabot, Roman Josi
Penalty Shots
Auston Matthews, Bryan Rust, Sean Monahan, Tyler Toffoli, Jordan Staal
Scratches
Denis Gurianov (Healthy), Matt Nieto (Healthy), Travis Hamonic (Healthy)
Pittsburgh Penguins
5 vs 5 Forward
Center Left Wing Right Wing Time % Phy DF OF
1 Leon Draisaitl Pavel Buchnevich Sam Reinhart 30 1 2 2
2 Phillip Danault Blake Coleman Mitchell Marner 30 1 2 2
3 Adam Gaudette Tage Thompson Jordan Eberle 25 1 2 2
4 Gabriel Vilardi Jean-Gabriel Pageau Ryan O'Reilly 15 1 2 2
5 vs 5 Defense
Defense Defense Time % Phy DF OF
1 Mattias Ekholm Erik Karlsson 35 1 2 2
2 Erik Gudbranson Carson Soucy 35 1 2 2
3 Brian Dumoulin Travis Sanheim 30 1 2 2
4 Mattias Ekholm Erik Karlsson 0 1 2 2
PowerPlay Forward
Center Left Wing Right Wing Time % Phy DF OF
1 Leon Draisaitl Pavel Buchnevich Sam Reinhart 50 1 2 2
2 Phillip Danault Blake Coleman Mitchell Marner 50 1 2 2
PowerPlay Defense
Defense Defense Time % Phy DF OF
1 Mattias Ekholm Erik Karlsson 50 1 2 2
2 Erik Gudbranson Travis Sanheim 50 1 2 2
Penalty Kill 4 Players Forward
Center Wing Time % Phy DF OF
1 Leon Draisaitl Sam Reinhart 50 1 2 2
2 Mitchell Marner Pavel Buchnevich 50 1 2 2
Penalty Kill 4 Players Defense
Defense Defense Time % Phy DF OF
1 Mattias Ekholm Erik Karlsson 50 1 2 2
2 Erik Gudbranson Carson Soucy 50 1 2 2
Penalty Kill - 3 Players Forward
Forward Time % Phy DF OF
1 Leon Draisaitl 50 1 2 2
2 Sam Reinhart 50 1 2 2
Penalty Kill - 3 Players Defense
Defense Defense Time % Phy DF OF
1 Mattias Ekholm Erik Karlsson 50 1 2 2
2 Erik Gudbranson Travis Sanheim 50 1 2 2
4 vs 4 Forward
Center Wing Time % Phy DF OF
1 Leon Draisaitl Sam Reinhart 50 1 2 2
2 Mitchell Marner Pavel Buchnevich 50 1 2 2
4 vs 4 Defense
Defense Defense Time % Phy DF OF
1 Mattias Ekholm Erik Karlsson 50 1 2 2
2 Erik Gudbranson Brian Dumoulin 50 1 2 2
Last Minutes Offensive
Center Left Wing Right Wing Defense Defense
Leon Draisaitl Pavel Buchnevich Sam Reinhart Mattias Ekholm Erik Karlsson
Last Minutes Defensive
Center Left Wing Right Wing Defense Defense
Leon Draisaitl Pavel Buchnevich Sam Reinhart Mattias Ekholm Erik Karlsson
Goaltenders
Starting : John Gibson
Backup : Jordan Binnington
Extra Forwards
Normal : Leon Draisaitl, Jordan Eberle, Sam Reinhart - PP : Sam Reinhart, Jordan Eberle - PK : Leon Draisaitl
Extra Defensemen
Normal : Erik Karlsson, Mattias Ekholm, Erik Gudbranson - PP : Mattias Ekholm - PK : Erik Karlsson, Erik Gudbranson
Penalty Shots
Leon Draisaitl, Sam Reinhart, Mitchell Marner, Pavel Buchnevich, Blake Coleman
Scratches
None
% Time on Ice - Vegas Golden Knights
Lines # - Real PCT - Wanted PCT - Time Play
Normal Forward
1 - 33% - 30% - 13:51
2 - 31% - 30% - 12:52
3 - 24% - 25% - 10:14
4 - 12% - 15% - 5:04
Normal Defense
1 - 30% - 30% - 12:41
2 - 32% - 30% - 13:26
3 - 27% - 25% - 11:18
4 - 11% - 15% - 4:36
PP Forward
1 - 40% - 50% - 2:26
2 - 60% - 50% - 3:38
PP Defense
1 - 64% - 50% - 3:53
2 - 36% - 50% - 2:11
PK Forward
1 - 51% - 50% - 6:03
2 - 49% - 50% - 5:52
PK Defense
1 - 45% - 50% - 5:21
2 - 55% - 50% - 6:34
PK3 Forward
1 - 0% - 50%
2 - 0% - 50%
PK3 Defense
1 - 0% - 50%
2 - 0% - 50%
44 Forward
1 - 0% - 50%
2 - 0% - 50%
44 Defense
1 - 0% - 50%
2 - 0% - 50%
Last Minute Offensive - 0:00
Last Minute Defensive - 0:00
Total
Forward - 60:00
Defense - 60:00
|
% Time on Ice - Pittsburgh Penguins
Lines # - Real PCT - Wanted PCT - Time Play
Normal Forward
1 - 27% - 30% - 11:25
2 - 26% - 30% - 11:06
3 - 27% - 25% - 11:15
4 - 20% - 15% - 8:15
Normal Defense
1 - 35% - 35% - 14:40
2 - 38% - 35% - 15:59
3 - 27% - 30% - 11:22
4 - 0% - 0% - 0:00
PP Forward
1 - 48% - 50% - 5:40
2 - 52% - 50% - 6:15
PP Defense
1 - 50% - 50% - 5:56
2 - 50% - 50% - 5:59
PK Forward
1 - 45% - 50% - 2:45
2 - 55% - 50% - 3:19
PK Defense
1 - 49% - 50% - 3:00
2 - 51% - 50% - 3:04
PK3 Forward
1 - 0% - 50%
2 - 0% - 50%
PK3 Defense
1 - 0% - 50%
2 - 0% - 50%
44 Forward
1 - 0% - 50%
2 - 0% - 50%
44 Defense
1 - 0% - 50%
2 - 0% - 50%
Last Minute Offensive - 0:00
Last Minute Defensive - 0:00
Total
Forward - 60:00
Defense - 60:00
|
Play-by-Play
1st period
0:01 of 1st period - Leon Draisaitl wins face-off versus Auston Matthews in neutral zone.
0:26 of 1st period - Phillip Danault is hit by Tyler Toffoli and loses puck.
0:53 of 1st period - Snap shot by Tage Thompson.
0:53 of 1st period - Stopped by Semyon Varlamov with a rebound.
1:41 of 1st period - Wrist shot by Sam Reinhart.
1:41 of 1st period - Shot Misses the Net.
1:43 of 1st period - Wrist shot by Leon Draisaitl.
1:43 of 1st period - Stopped by Semyon Varlamov without a rebound.
1:44 of 1st period - Sean Monahan wins face-off versus Phillip Danault in Vegas Golden Knights zone.
2:33 of 1st period - Snap shot by Pavel Buchnevich.
2:33 of 1st period - Stopped by Semyon Varlamov with a rebound.
2:35 of 1st period - Slapshot by Travis Sanheim.
2:35 of 1st period - Stopped by Semyon Varlamov without a rebound.
2:36 of 1st period - Sean Monahan wins face-off versus Phillip Danault in Vegas Golden Knights zone.
2:45 of 1st period - Wrist shot by Sean Monahan.
2:45 of 1st period - Stopped by John Gibson with a rebound.
3:12 of 1st period - Marc-Edouard Vlasic is hit by Jean-Gabriel Pageau and loses puck.
3:22 of 1st period - Icing by Erik Gudbranson.
3:23 of 1st period - Leon Draisaitl wins face-off versus Auston Matthews in Pittsburgh Penguins zone.
3:52 of 1st period - Wrist shot by Sam Reinhart.
3:52 of 1st period - Stopped by Semyon Varlamov without a rebound.
3:53 of 1st period - Adam Gaudette wins face-off versus Pierre-edouard Bellemare in Vegas Golden Knights zone.
4:01 of 1st period - Icing by Danton Heinen.
4:02 of 1st period - Phillip Danault wins face-off versus Pierre-edouard Bellemare in Vegas Golden Knights zone.
4:27 of 1st period - Wrist shot by Danton Heinen.
4:27 of 1st period - Stopped by John Gibson with a rebound.
5:30 of 1st period - Snap shot by Mitchell Marner.
5:30 of 1st period - Shot Misses the Net.
5:32 of 1st period - Wrist shot by Erik Gudbranson.
5:32 of 1st period - Stopped by Semyon Varlamov without a rebound.
5:33 of 1st period - Joe Pavelski wins face-off versus Phillip Danault in Vegas Golden Knights zone.
5:52 of 1st period - Travis Sanheim is hit by Roman Josi and loses puck.
5:59 of 1st period - Snap shot by Jordan Staal.
5:59 of 1st period - Goal by Jordan Staal - Vegas Golden Knights : 1 - Pittsburgh Penguins : 0.
6:00 of 1st period - Sean Monahan wins face-off versus Leon Draisaitl in neutral zone.
6:05 of 1st period - Off-side.
6:06 of 1st period - Leon Draisaitl wins face-off versus Sean Monahan in neutral zone.
6:30 of 1st period - Icing by Roman Josi.
6:31 of 1st period - Adam Gaudette wins face-off versus Auston Matthews in Vegas Golden Knights zone.
7:24 of 1st period - Snap shot by Johnny Gaudreau.
7:24 of 1st period - Shot Misses the Net.
8:10 of 1st period - Snap shot by Joe Pavelski.
8:10 of 1st period - Shot Misses the Net.
8:55 of 1st period - Backhand shot by Mitchell Marner.
8:55 of 1st period - Stopped by Semyon Varlamov with a rebound.
9:17 of 1st period - Wrist shot by Tage Thompson.
9:17 of 1st period - Shot Blocked by Danton Heinen.
10:29 of 1st period - Wrist shot by Ryan O'Reilly.
10:29 of 1st period - Stopped by Semyon Varlamov without a rebound.
10:30 of 1st period - Gabriel Vilardi wins face-off versus Pierre-edouard Bellemare in Vegas Golden Knights zone.
11:56 of 1st period - Wrist shot by Gabriel Vilardi.
11:56 of 1st period - Stopped by Semyon Varlamov without a rebound.
11:57 of 1st period - Phillip Danault wins face-off versus Jordan Staal in Vegas Golden Knights zone.
12:00 of 1st period - Snap shot by Phillip Danault.
12:00 of 1st period - Stopped by Semyon Varlamov with a rebound.
12:54 of 1st period - Shea Theodore is hit by Adam Gaudette and loses puck.
13:09 of 1st period - Snap shot by Gabriel Vilardi.
13:09 of 1st period - Shot Blocked by Roman Josi.
13:35 of 1st period - Snap shot by Phillip Danault.
13:35 of 1st period - Shot Misses the Net.
13:37 of 1st period - Snap shot by Blake Coleman.
13:37 of 1st period - Shot Misses the Net.
13:39 of 1st period - Slapshot by Travis Sanheim.
13:39 of 1st period - Stopped by Semyon Varlamov with a rebound.
13:59 of 1st period - Minor Penalty to Leon Draisaitl for Delaying the game.
14:00 of 1st period - Adam Gaudette wins face-off versus Auston Matthews in Pittsburgh Penguins zone.
14:11 of 1st period - Mathew Barzal is hit by Mitchell Marner and loses puck.
14:28 of 1st period - Slapshot by Sam Reinhart.
14:28 of 1st period - Stopped by Semyon Varlamov without a rebound.
14:29 of 1st period - Adam Gaudette wins face-off versus Sean Monahan in Vegas Golden Knights zone.
14:40 of 1st period - Slapshot by Tyler Toffoli.
14:40 of 1st period - Shot Misses the Net.
14:44 of 1st period - Wrist shot by Johnny Gaudreau.
14:44 of 1st period - Stopped by John Gibson without a rebound.
14:45 of 1st period - Mitchell Marner wins face-off versus Auston Matthews in Pittsburgh Penguins zone.
14:45 of 1st period - Mitchell Marner is hit by Auston Matthews.
15:01 of 1st period - Icing by Roman Josi.
15:02 of 1st period - Auston Matthews wins face-off versus Mitchell Marner in Vegas Golden Knights zone.
15:27 of 1st period - Slapshot by Mathew Barzal.
15:27 of 1st period - Deflect By Pavel Buchnevich.
15:27 of 1st period - Stopped by John Gibson without a rebound.
15:28 of 1st period - Sean Monahan wins face-off versus Adam Gaudette in Pittsburgh Penguins zone.
15:41 of 1st period - Wrist shot by Johnny Gaudreau.
15:41 of 1st period - Stopped by John Gibson with a rebound.
15:43 of 1st period - Backhand shot by Thomas Chabot.
15:43 of 1st period - Deflect By Johnny Gaudreau.
15:43 of 1st period - Stopped by John Gibson with a rebound.
15:59 of 1st period - Penalty to Leon Draisaitl is over, Leon Draisaitl is back on ice.
16:17 of 1st period - Snap shot by Joe Pavelski.
16:17 of 1st period - Shot Blocked by Jean-Gabriel Pageau.
16:54 of 1st period - Off-side.
16:55 of 1st period - Leon Draisaitl wins face-off versus Joe Pavelski in neutral zone.
17:21 of 1st period - Auston Matthews is hit by Mattias Ekholm and loses puck.
17:48 of 1st period - Snap shot by Jordan Eberle.
17:48 of 1st period - Shot Misses the Net.
17:50 of 1st period - Slapshot by Adam Gaudette.
17:50 of 1st period - Deflect By Shea Theodore.
17:50 of 1st period - Goal by Adam Gaudette - Vegas Golden Knights : 1 - Pittsburgh Penguins : 1.
17:51 of 1st period - Sean Monahan wins face-off versus Leon Draisaitl in neutral zone.
17:54 of 1st period - Slapshot by Johnny Gaudreau.
17:54 of 1st period - Stopped by John Gibson with a rebound.
18:04 of 1st period - Marc-Edouard Vlasic is hit by Carson Soucy and loses puck.
18:15 of 1st period - Minor Penalty to Tyler Toffoli for Interference.
18:16 of 1st period - Jordan Staal wins face-off versus Leon Draisaitl in Vegas Golden Knights zone.
18:16 of 1st period - Jordan Staal is hit by Pavel Buchnevich.
19:06 of 1st period - Pierre-edouard Bellemare is hit by Sam Reinhart and loses puck.
Goals for this period are 1 for Vegas Golden Knights vs 1 for Pittsburgh Penguins.
Shots for this period are 8 for Vegas Golden Knights vs 13 for Pittsburgh Penguins.
2nd period
0:01 of 2nd period - Jordan Staal wins face-off versus Phillip Danault in neutral zone.
0:15 of 2nd period - Penalty to Tyler Toffoli is over, Tyler Toffoli is back on ice.
0:20 of 2nd period - Phillip Danault is hit by Ryan Graves and loses puck.
0:45 of 2nd period - Wrist shot by Sam Reinhart.
0:45 of 2nd period - Shot Misses the Net.
0:47 of 2nd period - Wrist shot by Sam Reinhart.
0:47 of 2nd period - Shot Misses the Net.
1:22 of 2nd period - Minor Penalty to Erik Gudbranson for Tripping.
1:23 of 2nd period - Sean Monahan wins face-off versus Leon Draisaitl in Pittsburgh Penguins zone.
1:49 of 2nd period - Joe Pavelski is hit by Mitchell Marner and loses puck.
3:00 of 2nd period - Icing by Sean Monahan.
3:01 of 2nd period - Leon Draisaitl wins face-off versus Sean Monahan in Vegas Golden Knights zone.
3:10 of 2nd period - Pavel Buchnevich is hit by Bryan Rust and loses puck.
3:22 of 2nd period - Penalty to Erik Gudbranson is over, Erik Gudbranson is back on ice.
4:01 of 2nd period - Snap shot by Gabriel Vilardi.
4:01 of 2nd period - Shot Misses the Net.
4:03 of 2nd period - Minor Penalty to Ryan Graves for Cross-checking.
4:04 of 2nd period - Leon Draisaitl wins face-off versus Pierre-edouard Bellemare in Vegas Golden Knights zone.
4:09 of 2nd period - Snap shot by Pavel Buchnevich.
4:09 of 2nd period - Shot Misses the Net.
4:15 of 2nd period - Snap shot by Pavel Buchnevich.
4:15 of 2nd period - Shot Blocked by Shea Theodore.
4:19 of 2nd period - Wrist shot by Leon Draisaitl.
4:19 of 2nd period - Shot Blocked by Shea Theodore.
4:40 of 2nd period - Danton Heinen is hit by Blake Coleman and loses puck.
5:37 of 2nd period - Jordan Staal is hit by Blake Coleman and loses puck.
6:00 of 2nd period - Marc-Edouard Vlasic is hit by Pavel Buchnevich and loses puck.
6:03 of 2nd period - Penalty to Ryan Graves is over, Ryan Graves is back on ice.
6:09 of 2nd period - Backhand shot by Bryan Rust.
6:09 of 2nd period - Goal by Bryan Rust - Vegas Golden Knights : 2 - Pittsburgh Penguins : 1.
6:10 of 2nd period - Joe Pavelski wins face-off versus Adam Gaudette in neutral zone.
6:13 of 2nd period - Wrist shot by Roman Josi.
6:13 of 2nd period - Stopped by John Gibson with a rebound.
6:15 of 2nd period - Snap shot by Danton Heinen.
6:15 of 2nd period - Stopped by John Gibson with a rebound.
6:17 of 2nd period - Wrist shot by Danton Heinen.
6:17 of 2nd period - Stopped by John Gibson without a rebound.
6:18 of 2nd period - Joe Pavelski wins face-off versus Adam Gaudette in Pittsburgh Penguins zone.
6:31 of 2nd period - Wrist shot by Danton Heinen.
6:31 of 2nd period - Stopped by John Gibson with a rebound.
6:33 of 2nd period - Snap shot by Roman Josi.
6:33 of 2nd period - Shot Blocked by Mattias Ekholm.
8:02 of 2nd period - Mattias Ekholm is hit by Auston Matthews and loses puck.
8:19 of 2nd period - Snap shot by Leon Draisaitl.
8:19 of 2nd period - Stopped by Semyon Varlamov with a rebound.
8:21 of 2nd period - Snap shot by Leon Draisaitl.
8:21 of 2nd period - Stopped by Semyon Varlamov without a rebound.
8:22 of 2nd period - Danton Heinen wins face-off versus Leon Draisaitl in Vegas Golden Knights zone.
8:24 of 2nd period - Minor Penalty to Joe Pavelski for Slashing.
8:25 of 2nd period - Leon Draisaitl wins face-off versus Cole Smith in Vegas Golden Knights zone.
10:24 of 2nd period - Penalty to Joe Pavelski is over, Joe Pavelski is back on ice.
10:27 of 2nd period - Off-side.
10:28 of 2nd period - Adam Gaudette wins face-off versus Sean Monahan in neutral zone.
10:31 of 2nd period - Tyler Toffoli is hit by Adam Gaudette and loses puck.
10:56 of 2nd period - Bryan Rust is hit by Carson Soucy and loses puck.
11:01 of 2nd period - Snap shot by Ryan O'Reilly.
11:01 of 2nd period - Shot Misses the Net.
11:03 of 2nd period - Slapshot by Brian Dumoulin.
11:03 of 2nd period - Shot Blocked by Shea Theodore.
11:05 of 2nd period - Slapshot by Ryan O'Reilly.
11:05 of 2nd period - Stopped by Semyon Varlamov with a rebound.
11:07 of 2nd period - Wrist shot by Ryan O'Reilly.
11:07 of 2nd period - Shot Misses the Net.
12:21 of 2nd period - Snap shot by Jordan Eberle.
12:21 of 2nd period - Shot Misses the Net.
12:23 of 2nd period - Slapshot by Brian Dumoulin.
12:23 of 2nd period - Shot Misses the Net.
12:25 of 2nd period - Wrist shot by Jean-Gabriel Pageau.
12:25 of 2nd period - Stopped by Semyon Varlamov without a rebound.
12:26 of 2nd period - Gabriel Vilardi wins face-off versus Auston Matthews in Vegas Golden Knights zone.
12:27 of 2nd period - Wrist shot by Ryan O'Reilly.
12:27 of 2nd period - Stopped by Semyon Varlamov without a rebound.
12:28 of 2nd period - Auston Matthews wins face-off versus Gabriel Vilardi in Vegas Golden Knights zone.
12:44 of 2nd period - Minor Penalty to Bryan Rust for Hooking.
12:45 of 2nd period - Phillip Danault wins face-off versus Cole Smith in Vegas Golden Knights zone.
13:22 of 2nd period - Snap shot by Leon Draisaitl.
13:22 of 2nd period - Shot Misses the Net.
13:32 of 2nd period - Wrist shot by Pierre-edouard Bellemare.
13:32 of 2nd period - Stopped by John Gibson with a rebound.
13:36 of 2nd period - Snap shot by Danton Heinen.
13:36 of 2nd period - Shot Misses the Net.
14:21 of 2nd period - Cole Smith is hit by Mitchell Marner and loses puck.
14:44 of 2nd period - Penalty to Bryan Rust is over, Bryan Rust is back on ice.
15:17 of 2nd period - Bryan Rust is hit by Carson Soucy and loses puck.
15:28 of 2nd period - Snap shot by Auston Matthews.
15:28 of 2nd period - Stopped by John Gibson without a rebound.
15:29 of 2nd period - Sean Monahan wins face-off versus Leon Draisaitl in Pittsburgh Penguins zone.
15:38 of 2nd period - Wrist shot by Johnny Gaudreau.
15:38 of 2nd period - Shot Blocked by Pavel Buchnevich.
15:40 of 2nd period - Slapshot by Thomas Chabot.
15:40 of 2nd period - Deflect By Johnny Gaudreau.
15:40 of 2nd period - Stopped by John Gibson without a rebound.
15:41 of 2nd period - Joe Pavelski wins face-off versus Phillip Danault in Pittsburgh Penguins zone.
16:15 of 2nd period - Wrist shot by Sean Monahan.
16:15 of 2nd period - Stopped by John Gibson without a rebound.
16:16 of 2nd period - Auston Matthews wins face-off versus Leon Draisaitl in Pittsburgh Penguins zone.
16:25 of 2nd period - Snap shot by Mathew Barzal.
16:25 of 2nd period - Stopped by John Gibson with a rebound.
16:39 of 2nd period - Minor Penalty to Brendan Smith for Tripping.
16:40 of 2nd period - Leon Draisaitl wins face-off versus Pierre-edouard Bellemare in Vegas Golden Knights zone.
16:55 of 2nd period - Snap shot by Sam Reinhart.
16:55 of 2nd period - Shot Misses the Net.
16:57 of 2nd period - Snap shot by Erik Karlsson.
16:57 of 2nd period - Stopped by Semyon Varlamov with a rebound.
18:39 of 2nd period - Penalty to Brendan Smith is over, Brendan Smith is back on ice.
19:02 of 2nd period - Minor Penalty to Roman Josi for Interference.
19:03 of 2nd period - Jordan Staal wins face-off versus Phillip Danault in Vegas Golden Knights zone.
19:26 of 2nd period - Phillip Danault is hit by Brendan Smith and loses puck.
19:55 of 2nd period - Pierre-edouard Bellemare is hit by Blake Coleman and loses puck.
Goals for this period are 1 for Vegas Golden Knights vs 0 for Pittsburgh Penguins.
Shots for this period are 10 for Vegas Golden Knights vs 6 for Pittsburgh Penguins.
3rd period
0:01 of 3rd period - Leon Draisaitl wins face-off versus Jordan Staal in neutral zone.
0:35 of 3rd period - Slapshot by Erik Karlsson.
0:35 of 3rd period - Stopped by Semyon Varlamov with a rebound.
1:02 of 3rd period - Penalty to Roman Josi is over, Roman Josi is back on ice.
1:20 of 3rd period - Erik Gudbranson is hit by Brendan Smith and loses puck.
1:35 of 3rd period - Roman Josi is hit by Travis Sanheim and loses puck.
2:21 of 3rd period - Snap shot by Jordan Eberle.
2:21 of 3rd period - Stopped by Semyon Varlamov with a rebound.
3:01 of 3rd period - Mathew Barzal is hit by Blake Coleman and loses puck.
3:55 of 3rd period - Minor Penalty to Tyler Toffoli for Tripping.
3:56 of 3rd period - Leon Draisaitl wins face-off versus Pierre-edouard Bellemare in Vegas Golden Knights zone.
3:56 of 3rd period - Slapshot by Pavel Buchnevich.
3:56 of 3rd period - Goal by Pavel Buchnevich - Vegas Golden Knights : 2 - Pittsburgh Penguins : 2.
3:57 of 3rd period - Phillip Danault wins face-off versus Joe Pavelski in neutral zone.
4:02 of 3rd period - Wrist shot by Phillip Danault.
4:02 of 3rd period - Shot Blocked by Shea Theodore.
4:04 of 3rd period - Slapshot by Carson Soucy.
4:04 of 3rd period - Shot Blocked by Joe Pavelski.
4:20 of 3rd period - Minor Penalty to Erik Gudbranson for Interference.
4:21 of 3rd period - Leon Draisaitl wins face-off versus Sean Monahan in Pittsburgh Penguins zone.
4:29 of 3rd period - Off-side.
4:30 of 3rd period - Mitchell Marner wins face-off versus Sean Monahan in neutral zone.
5:13 of 3rd period - Wrist shot by Leon Draisaitl.
5:13 of 3rd period - Shot Misses the Net.
6:12 of 3rd period - Snap shot by Tyler Toffoli.
6:12 of 3rd period - Stopped by John Gibson with a rebound.
6:14 of 3rd period - Slapshot by Roman Josi.
6:14 of 3rd period - Shot Misses the Net.
6:16 of 3rd period - Snap shot by Sean Monahan.
6:16 of 3rd period - Stopped by John Gibson without a rebound.
6:17 of 3rd period - Leon Draisaitl wins face-off versus Auston Matthews in Pittsburgh Penguins zone.
6:20 of 3rd period - Penalty to Erik Gudbranson is over, Erik Gudbranson is back on ice.
6:22 of 3rd period - Slapshot by Sam Reinhart.
6:22 of 3rd period - Deflect By Leon Draisaitl.
6:22 of 3rd period - Shot Misses the Net.
6:22 of 3rd period - Puck is out of play.
6:23 of 3rd period - Adam Gaudette wins face-off versus Auston Matthews in Vegas Golden Knights zone.
6:26 of 3rd period - Slapshot by Tage Thompson.
6:26 of 3rd period - Shot Blocked by Reilly Smith.
6:32 of 3rd period - Jordan Eberle is hit by Bryan Rust and loses puck.
6:54 of 3rd period - Wrist shot by Mitchell Marner.
6:54 of 3rd period - Deflect By Ryan Graves.
6:54 of 3rd period - Stopped by Semyon Varlamov without a rebound.
6:55 of 3rd period - Phillip Danault wins face-off versus Pierre-edouard Bellemare in Vegas Golden Knights zone.
7:08 of 3rd period - Slapshot by Phillip Danault.
7:08 of 3rd period - Stopped by Semyon Varlamov without a rebound.
7:09 of 3rd period - Auston Matthews wins face-off versus Leon Draisaitl in Vegas Golden Knights zone.
7:14 of 3rd period - Snap shot by Auston Matthews.
7:14 of 3rd period - Shot Misses the Net.
7:47 of 3rd period - Wrist shot by Mitchell Marner.
7:47 of 3rd period - Shot Blocked by Danton Heinen.
7:59 of 3rd period - Backhand shot by Shea Theodore.
7:59 of 3rd period - Shot Blocked by Carson Soucy.
8:07 of 3rd period - Slapshot by Jordan Eberle.
8:07 of 3rd period - Stopped by Semyon Varlamov without a rebound.
8:08 of 3rd period - Sean Monahan wins face-off versus Leon Draisaitl in Vegas Golden Knights zone.
8:13 of 3rd period - Sam Reinhart is hit by Brendan Smith and loses puck.
8:34 of 3rd period - Wrist shot by Auston Matthews.
8:34 of 3rd period - Stopped by John Gibson without a rebound.
8:35 of 3rd period - Auston Matthews wins face-off versus Phillip Danault in Pittsburgh Penguins zone.
8:48 of 3rd period - Wrist shot by Auston Matthews.
8:48 of 3rd period - Shot Misses the Net.
8:50 of 3rd period - Slapshot by Bryan Rust.
8:50 of 3rd period - Goal by Bryan Rust - Vegas Golden Knights : 3 - Pittsburgh Penguins : 2.
8:51 of 3rd period - Leon Draisaitl wins face-off versus Joe Pavelski in neutral zone.
8:54 of 3rd period - Slapshot by Mattias Ekholm.
8:54 of 3rd period - Shot Blocked by Jordan Staal.
8:56 of 3rd period - Snap shot by Pavel Buchnevich.
8:56 of 3rd period - Shot Misses the Net.
8:58 of 3rd period - Snap shot by Sam Reinhart.
8:58 of 3rd period - Shot Blocked by Joe Pavelski.
9:00 of 3rd period - Wrist shot by Erik Karlsson.
9:00 of 3rd period - Shot Misses the Net.
9:02 of 3rd period - Snap shot by Sam Reinhart.
9:02 of 3rd period - Shot Misses the Net.
9:51 of 3rd period - Minor Penalty to Adam Gaudette for Tripping.
9:52 of 3rd period - Auston Matthews wins face-off versus Leon Draisaitl in Pittsburgh Penguins zone.
9:54 of 3rd period - Snap shot by Mathew Barzal.
9:54 of 3rd period - Shot Blocked by Carson Soucy.
9:56 of 3rd period - Slapshot by Reilly Smith.
9:56 of 3rd period - Deflect By Auston Matthews.
9:56 of 3rd period - Stopped by John Gibson with a rebound.
9:58 of 3rd period - Snap shot by Mathew Barzal.
9:58 of 3rd period - Goal by Mathew Barzal - Vegas Golden Knights : 4 - Pittsburgh Penguins : 2.
9:59 of 3rd period - Leon Draisaitl wins face-off versus Joe Pavelski in neutral zone.
10:30 of 3rd period - Wrist shot by Sean Monahan.
10:30 of 3rd period - Stopped by John Gibson without a rebound.
10:31 of 3rd period - Phillip Danault wins face-off versus Sean Monahan in Pittsburgh Penguins zone.
10:41 of 3rd period - Off-side.
10:42 of 3rd period - Leon Draisaitl wins face-off versus Joe Pavelski in neutral zone.
10:57 of 3rd period - Off-side.
10:58 of 3rd period - Phillip Danault wins face-off versus Sean Monahan in neutral zone.
11:01 of 3rd period - Johnny Gaudreau is hit by Mitchell Marner and loses puck.
11:13 of 3rd period - Wrist shot by Johnny Gaudreau.
11:13 of 3rd period - Shot Misses the Net.
11:53 of 3rd period - Ryan Graves is hit by Adam Gaudette and loses puck.
12:05 of 3rd period - Icing by Brendan Smith.
12:06 of 3rd period - Sean Monahan wins face-off versus Gabriel Vilardi in Vegas Golden Knights zone.
12:22 of 3rd period - Brendan Smith is hit by Mattias Ekholm and loses puck.
12:35 of 3rd period - Slapshot by Joe Pavelski.
12:35 of 3rd period - Shot Misses the Net.
12:53 of 3rd period - Slapshot by Tage Thompson.
12:53 of 3rd period - Stopped by Semyon Varlamov without a rebound.
12:54 of 3rd period - Auston Matthews wins face-off versus Adam Gaudette in Vegas Golden Knights zone.
13:00 of 3rd period - Off-side.
13:01 of 3rd period - Auston Matthews wins face-off versus Leon Draisaitl in neutral zone.
13:10 of 3rd period - Auston Matthews is hit by Erik Gudbranson and loses puck.
14:47 of 3rd period - Slapshot by Gabriel Vilardi.
14:47 of 3rd period - Shot Blocked by Brendan Smith.
14:49 of 3rd period - Backhand shot by Jean-Gabriel Pageau.
14:49 of 3rd period - Shot Blocked by Tyler Toffoli.
14:51 of 3rd period - Wrist shot by Jean-Gabriel Pageau.
14:51 of 3rd period - Shot Blocked by Johnny Gaudreau.
14:53 of 3rd period - Snap shot by Jean-Gabriel Pageau.
14:53 of 3rd period - Stopped by Semyon Varlamov with a rebound.
14:55 of 3rd period - Snap shot by Ryan O'Reilly.
14:55 of 3rd period - Stopped by Semyon Varlamov without a rebound.
14:56 of 3rd period - Phillip Danault wins face-off versus Auston Matthews in Vegas Golden Knights zone.
14:57 of 3rd period - Wrist shot by Mitchell Marner.
14:57 of 3rd period - Shot Misses the Net.
15:27 of 3rd period - Wrist shot by Leon Draisaitl.
15:27 of 3rd period - Shot Misses the Net.
17:20 of 3rd period - Auston Matthews is hit by Erik Gudbranson and loses puck.
17:31 of 3rd period - Brendan Smith is hit by Phillip Danault and loses puck.
17:44 of 3rd period - Erik Karlsson is hit by Jordan Staal and loses puck.
17:49 of 3rd period - Snap shot by Joe Pavelski.
17:49 of 3rd period - Shot Misses the Net.
17:51 of 3rd period - Snap shot by Ryan Graves.
17:51 of 3rd period - Deflect By Joe Pavelski.
17:51 of 3rd period - Stopped by John Gibson without a rebound.
17:52 of 3rd period - Joe Pavelski wins face-off versus Adam Gaudette in Pittsburgh Penguins zone.
17:55 of 3rd period - Snap shot by Danton Heinen.
17:55 of 3rd period - Stopped by John Gibson with a rebound.
18:05 of 3rd period - Wrist shot by Jordan Eberle.
18:05 of 3rd period - Stopped by Semyon Varlamov without a rebound.
18:06 of 3rd period - Joe Pavelski wins face-off versus Adam Gaudette in Vegas Golden Knights zone.
19:31 of 3rd period - Icing by Jordan Eberle.
19:32 of 3rd period - Auston Matthews wins face-off versus Adam Gaudette in Pittsburgh Penguins zone.
19:33 of 3rd period - Snap shot by Mathew Barzal.
19:33 of 3rd period - Shot Blocked by Erik Karlsson.
19:41 of 3rd period - Wrist shot by Erik Karlsson.
19:41 of 3rd period - Shot Blocked by Marc-Edouard Vlasic.
19:59 of 3rd period - Wrist shot by Tage Thompson.
19:59 of 3rd period - Shot Misses the Net.
Goals for this period are 2 for Vegas Golden Knights vs 1 for Pittsburgh Penguins.
Shots for this period are 9 for Vegas Golden Knights vs 10 for Pittsburgh Penguins.
Back to the Top